| TOP OF THE 1ST |
|
Rochester Red Wings batting - Pitching for Buffalo Bisons : RHP Mike Williams
|
|
Pitching: RHP Mike Williams
|
|
|
Batting: RHB Terrell Lowery
|
0-0: Foul Ball, location: 2F 0-1: Ball 1-1: Called Strike 1-2: Strikes out looking
|
|
Batting: RHB Damon Mashore
|
0-0: Ball 1-0: Ball 2-0: Called Strike 2-1: Foul Ball, location: 2F 2-2: Foul Ball, location: 2F 2-2: Strikes out swinging
|
|
Batting: RHB Rich Aurilia
|
0-0: Called Strike 0-1: Foul Ball, location: 2F 0-2: Ball 1-2: Ground out 5-3 (Groundball, 56S, EV 77.5 MPH)
|
| Top of the 1st over - 0 runs, 0 hits, 0 errors, 0 left on base; Rochester 0 - Buffalo 0 |
| BOTTOM OF THE 1ST |
|
Buffalo Bisons batting - Pitching for Rochester Red Wings : RHP Darryl Scott
|
|
Pitching: RHP Darryl Scott
|
|
|
Batting: SHB Roger Cedeno
|
0-0: Bunted foul 0-1: Ball 1-1: Ground out U3 (Groundball, 3L, EV 83.8 MPH)
|
|
Batting: SHB Enrique Wilson
|
0-0: Fly out, F7 (Flyball, 7LS, EV 82.5 MPH)
|
|
Batting: LHB Matt Stairs
|
0-0: Called Strike 0-1: Ball 1-1: SINGLE (Groundball, 34D, EV 100.0 MPH)
|
|
Batting: RHB Kevin Young
|
0-0: Called Strike 0-1: Ball 1-1: Ball Wild Pitch! Matt Stairs to second 2-1: Ball 3-1: Swinging Strike 3-2: Base on Balls
|
|
Batting: RHB Eddie Zambrano
|
0-0: Ball 1-0: Ball 2-0: Ball Wild Pitch! Matt Stairs to third Kevin Young to second 3-0: Base on Balls
|
|
Batting: RHB Manny Martinez
|
0-0: GRAND SLAM HOME RUN (Flyball, 7LD, EV 111.3 MPH), Distance : 349 ft
|
|
Batting: RHB Tim Spehr
|
0-0: Ground out 6-3 (Groundball, 6, EV 83.8 MPH)
|
| Bottom of the 1st over - 4 runs, 2 hits, 0 errors, 0 left on base; Rochester 0 - Buffalo 4 |
| TOP OF THE 2ND |
|
Rochester Red Wings batting - Pitching for Buffalo Bisons : RHP Mike Williams
|
|
Batting: LHB Tom Lampkin
|
0-0: SINGLE (Line Drive, 8RS, EV 94.4 MPH)
|
|
Batting: RHB Darren Reed
|
0-0: Called Strike 0-1: Ball 1-1: Foul Ball, location: 2F 1-2: Ball 2-2: Grounds into double play, 5-4-3 (Groundball, 56, EV 110.0 MPH)
|
|
Batting: LHB Kevin Koslofski
|
0-0: Ball 1-0: Foul Ball, location: 2F 1-1: Foul Ball, location: 2F 1-2: Ball 2-2: Ball 3-2: Ground out U3 (Groundball, 3L, EV 85.0 MPH)
|
| Top of the 2nd over - 0 runs, 1 hit, 0 errors, 0 left on base; Rochester 0 - Buffalo 4 |
| BOTTOM OF THE 2ND |
|
Buffalo Bisons batting - Pitching for Rochester Red Wings : RHP Darryl Scott
|
|
Batting: SHB David Howard
|
0-0: Ball 1-0: Foul Ball, location: 2F 1-1: Fly out, F8 (Line Drive, 8RD, EV 95.6 MPH)
|
|
Batting: RHB Robert Eenhoorn
|
0-0: Fly out, F8 (Flyball, 8RD, EV 95.6 MPH)
|
|
Batting: SHB Roger Cedeno
|
0-0: Ball 1-0: Called Strike 1-1: Ball 2-1: Foul Ball, location: 2F 2-2: Ball 3-2: Foul Ball, location: 2F 3-2: SINGLE (Line Drive, 8LS, EV 89.4 MPH)
|
|
Batting: SHB Enrique Wilson
|
0-0: Called Strike Roger Cedeno steals 2nd base 0-1: SINGLE (Groundball, 4S, EV 81.9 MPH) (infield hit) Roger Cedeno to third
|
|
Batting: LHB Matt Stairs
|
0-0: Ball 1-0: Foul Ball, location: 2F 1-1: SINGLE (Line Drive, 6MD, EV 98.1 MPH) Roger Cedeno scores Enrique Wilson to second
|
|
Batting: RHB Kevin Young
|
0-0: Foul Ball, location: 2F 0-1: Ball 1-1: Foul Ball, location: 2F 1-2: Ball 2-2: Foul Ball, location: 2F 2-2: Ball 3-2: Foul Ball, location: 2F 3-2: Base on Balls Enrique Wilson to third Matt Stairs to second
|
|
Pitching: LHP Brad Woodall
|
|
|
Batting: RHB Eddie Zambrano
|
0-0: Called Strike 0-1: Ground out 5-3 (Groundball, 56S, EV 86.9 MPH)
|
| Bottom of the 2nd over - 1 run, 3 hits, 0 errors, 3 left on base; Rochester 0 - Buffalo 5 |
| TOP OF THE 3RD |
|
Rochester Red Wings batting - Pitching for Buffalo Bisons : RHP Mike Williams
|
|
Batting: RHB Tim Unroe
|
0-0: Ball 1-0: Foul Ball, location: 2F 1-1: Ball 2-1: Foul Ball, location: 2F 2-2: Foul Ball, location: 2F 2-2: Foul Ball, location: 2F 2-2: Strikes out swinging
|
|
Batting: RHB Rex Hudler
|
0-0: Fly out, F7 (Line Drive, 7D, EV 87.5 MPH)
|
|
Batting: RHB Scott Sheldon
|
0-0: Called Strike 0-1: Ball 1-1: Fly out, F7 (Flyball, 78M, EV 77.5 MPH)
|
| Top of the 3rd over - 0 runs, 0 hits, 0 errors, 0 left on base; Rochester 0 - Buffalo 5 |
| BOTTOM OF THE 3RD |
|
Buffalo Bisons batting - Pitching for Rochester Red Wings : LHP Brad Woodall
|
|
Batting: RHB Manny Martinez
|
0-0: Ball 1-0: Ball 2-0: Ball 3-0: Called Strike 3-1: Fly out, F3 (Flyball, 3D, EV 79.4 MPH)
|
|
Batting: RHB Tim Spehr
|
0-0: Foul Ball, location: 2F 0-1: Ground out 4-3 (Groundball, 4S, EV 78.8 MPH)
|
|
Batting: SHB David Howard
|
0-0: Ball 1-0: Called Strike 1-1: Ball 2-1: Ground out 1-3 (Groundball, 34S, EV 80.6 MPH)
|
| Bottom of the 3rd over - 0 runs, 0 hits, 0 errors, 0 left on base; Rochester 0 - Buffalo 5 |
| TOP OF THE 4TH |
|
Rochester Red Wings batting - Pitching for Buffalo Bisons : RHP Mike Williams
|
|
Batting: RHB Terrell Lowery
|
0-0: Foul Ball, location: 2F 0-1: Ball 1-1: Ball 2-1: Foul Ball, location: 2F 2-2: Ball 3-2: Base on Balls
|
|
Batting: RHB Damon Mashore
|
0-0: Ball 1-0: Called Strike 1-1: 2-RUN HOME RUN (Flyball, 7D, EV 91.3 MPH), Distance : 375 ft
|
|
Batting: RHB Rich Aurilia
|
0-0: Ball 1-0: Ground out 4-3 (Groundball, 34, EV 81.9 MPH)
|
|
Batting: LHB Tom Lampkin
|
0-0: Ball 1-0: Ball 2-0: Ball 3-0: Base on Balls
|
|
Batting: RHB Darren Reed
|
0-0: Called Strike 0-1: Grounds into double play, 6-4-3 (Groundball, 6, EV 89.4 MPH)
|
| Top of the 4th over - 2 runs, 1 hit, 0 errors, 0 left on base; Rochester 2 - Buffalo 5 |
| BOTTOM OF THE 4TH |
|
Buffalo Bisons batting - Pitching for Rochester Red Wings : LHP Brad Woodall
|
|
Batting: RHB Robert Eenhoorn
|
0-0: Ball 1-0: Swinging Strike 1-1: Ball 2-1: Swinging Strike 2-2: Foul Ball, location: 2F 2-2: Strikes out swinging
|
|
Batting: SHB Roger Cedeno
|
0-0: Ball 1-0: Ball 2-0: Called Strike 2-1: Foul Ball, location: 2F 2-2: Ball 3-2: Ground out 6-3 (Groundball, 6, EV 92.5 MPH)
|
|
Batting: SHB Enrique Wilson
|
0-0: Called Strike 0-1: Fly out, F8 (Flyball, 8LS, EV 83.1 MPH)
|
| Bottom of the 4th over - 0 runs, 0 hits, 0 errors, 0 left on base; Rochester 2 - Buffalo 5 |
| TOP OF THE 5TH |
|
Rochester Red Wings batting - Pitching for Buffalo Bisons : RHP Mike Williams
|
|
Batting: LHB Kevin Koslofski
|
0-0: Ground out 6-3 (Groundball, 6M, EV 83.1 MPH)
|
|
Batting: RHB Tim Unroe
|
0-0: Ball 1-0: Called Strike 1-1: Called Strike 1-2: Foul Ball, location: 2F 1-2: Ball 2-2: Ball 3-2: Reached on error, E6 (Groundball, 6, EV 79.4 MPH)
|
|
Batting: RHB Rex Hudler
|
0-0: Fielders Choice at 2nd, 1-6 (Groundball, 13, EV 71.9 MPH)
|
|
Batting: RHB Scott Sheldon
|
0-0: Ball 1-0: Fielders Choice at 2nd, 6-4 (Groundball, 6, EV 81.9 MPH)
|
| Top of the 5th over - 0 runs, 0 hits, 1 error, 1 left on base; Rochester 2 - Buffalo 5 |
| BOTTOM OF THE 5TH |
|
Buffalo Bisons batting - Pitching for Rochester Red Wings : LHP Brad Woodall
|
|
Batting: LHB Matt Stairs
|
0-0: SOLO HOME RUN (Flyball, 9LD, EV 106.3 MPH), Distance : 378 ft
|
|
Pitching: RHP Joe Ausanio
|
|
|
Batting: RHB Kevin Young
|
0-0: Foul Ball, location: 2F 0-1: Ball 1-1: Swinging Strike 1-2: Ball 2-2: Foul Ball, location: 2F 2-2: Foul Ball, location: 2F 2-2: Strikes out swinging
|
|
Batting: RHB Eddie Zambrano
|
0-0: Called Strike 0-1: SINGLE (Line Drive, 7S, EV 93.1 MPH)
|
|
Batting: RHB Manny Martinez
|
0-0: Called Strike 0-1: Ball 1-1: Called Strike 1-2: Ball 2-2: Foul Ball, location: 2F 2-2: Fly out, F8 (Flyball, 8RS, EV 93.8 MPH)
|
|
Batting: RHB Tim Spehr
|
0-0: Foul Ball, location: 2F 0-1: Ball 1-1: SINGLE (Groundball, 34D, EV 100.0 MPH) Eddie Zambrano to second Runner from 2nd tries for 3rd, SAFE, throw by RF made to third
|
|
Batting: SHB David Howard
|
0-0: Ball 1-0: Swinging Strike 1-1: Swinging Strike 1-2: Strikes out swinging
|
| Bottom of the 5th over - 1 run, 3 hits, 0 errors, 2 left on base; Rochester 2 - Buffalo 6 |
| TOP OF THE 6TH |
|
Rochester Red Wings batting - Pitching for Buffalo Bisons : RHP Mike Williams
|
|
Batting: RHB Terrell Lowery
|
0-0: Ball 1-0: Ball 2-0: SINGLE (Groundball, 4MD, EV 95.0 MPH)
|
|
Batting: RHB Damon Mashore
|
0-0: Called Strike 0-1: Called Strike 0-2: Strikes out swinging
|
|
Batting: RHB Rich Aurilia
|
0-0: Called Strike 0-1: SINGLE (Line Drive, 3L, EV 104.4 MPH) Terrell Lowery to second
|
|
Batting: LHB Tom Lampkin
|
0-0: Called Strike 0-1: Ball 1-1: Fly out, F9 (Flyball, 89S, EV 86.3 MPH)
|
|
Batting: RHB Darren Reed
|
0-0: Called Strike 0-1: Ball 1-1: Fielders Choice at 2nd, 5-4 (Groundball, 56, EV 88.1 MPH)
|
| Top of the 6th over - 0 runs, 2 hits, 0 errors, 2 left on base; Rochester 2 - Buffalo 6 |
| BOTTOM OF THE 6TH |
|
Buffalo Bisons batting - Pitching for Rochester Red Wings : RHP Joe Ausanio
|
|
Batting: RHB Robert Eenhoorn
|
0-0: Ball 1-0: Fly out, F9 (Flyball, 89M, EV 85.6 MPH)
|
|
Batting: SHB Roger Cedeno
|
0-0: Fly out, F9 (Flyball, 9LS, EV 89.4 MPH)
|
|
Batting: SHB Enrique Wilson
|
0-0: Ball 1-0: Foul Ball, location: 2F 1-1: Ball 2-1: Ball 3-1: Foul Ball, location: 2F 3-2: SOLO HOME RUN (Flyball, 89XD, EV 114.4 MPH), Distance : 425 ft
|
|
Batting: LHB Matt Stairs
|
0-0: Ball 1-0: Foul Ball, location: 2F 1-1: Foul Ball, location: 2F 1-2: Foul Ball, location: 2F 1-2: Foul Ball, location: 2F 1-2: Strikes out swinging
|
| Bottom of the 6th over - 1 run, 1 hit, 0 errors, 0 left on base; Rochester 2 - Buffalo 7 |
| TOP OF THE 7TH |
|
Rochester Red Wings batting - Pitching for Buffalo Bisons : RHP Mike Williams
|
|
Batting: LHB Kevin Koslofski
|
0-0: Foul Ball, location: 2F 0-1: Swinging Strike 0-2: Ball 1-2: Strikes out swinging
|
|
Batting: RHB Tim Unroe
|
0-0: Called Strike 0-1: Foul Ball, location: 2F 0-2: Ball 1-2: Strikes out swinging
|
|
Batting: RHB Rex Hudler
|
0-0: Called Strike 0-1: Ball 1-1: Swinging Strike 1-2: Foul Ball, location: 2F 1-2: Ball 2-2: Strikes out looking
|
| Top of the 7th over - 0 runs, 0 hits, 0 errors, 0 left on base; Rochester 2 - Buffalo 7 |
| BOTTOM OF THE 7TH |
|
Buffalo Bisons batting - Pitching for Rochester Red Wings : RHP Joe Ausanio
|
|
Batting: RHB Kevin Young
|
0-0: Called Strike 0-1: Foul Ball, location: 2F 0-2: Ball 1-2: Ball 2-2: Foul Ball, location: 2F 2-2: DOUBLE (Line Drive, 89XD, EV 106.3 MPH)
|
|
Pitching: LHP Ryan Karp
|
|
|
Batting: RHB Eddie Zambrano
|
0-0: Foul Ball, location: 2F 0-1: Swinging Strike 0-2: Ball 1-2: 2-RUN HOME RUN (Line Drive, 7LD, EV 106.3 MPH), Distance : 346 ft
|
|
Batting: RHB Manny Martinez
|
0-0: Called Strike 0-1: TRIPLE (Groundball, 3L, EV 106.3 MPH)
|
|
Batting: RHB Tim Spehr
|
0-0: Ball 1-0: Ball 2-0: SINGLE (Line Drive, 8RS, EV 94.4 MPH) Manny Martinez scores
|
|
Batting: SHB David Howard
|
0-0: Ball Wild Pitch! Tim Spehr to second 1-0: Ball 2-0: Ball 3-0: Base on Balls
|
|
Batting: RHB Robert Eenhoorn
|
0-0: Foul Ball, location: 2F 0-1: Called Strike 0-2: Ball 1-2: Foul Ball, location: 2F 1-2: Ball Wild Pitch! Tim Spehr to third David Howard to second 2-2: SINGLE (Groundball, 56S, EV 71.3 MPH) (infield hit) Tim Spehr scores David Howard to third
|
|
Batting: SHB Roger Cedeno
|
0-0: Ball 1-0: Foul Ball, location: 2F 1-1: Foul Ball, location: 2F 1-2: Fielders Choice at 2nd, 4-6 (Groundball, 34, EV 78.1 MPH) David Howard scores
|
|
Pitching: LHP Brad Pennington
|
|
|
Batting: SHB Enrique Wilson
|
0-0: Ball 1-0: Fly out, F8 (Flyball, 8RM, EV 93.8 MPH)
|
|
Batting: LHB Matt Stairs
|
0-0: Ball 1-0: Ball 2-0: Ball 3-0: Called Strike 3-1: Fly out, F7 (Flyball, 7LS, EV 76.3 MPH)
|
| Bottom of the 7th over - 5 runs, 5 hits, 0 errors, 1 left on base; Rochester 2 - Buffalo 12 |
| TOP OF THE 8TH |
|
Rochester Red Wings batting - Pitching for Buffalo Bisons : RHP Mike Williams
|
|
Pitching: RHP Bob W. Malloy
|
|
|
Batting: RHB Scott Sheldon
|
0-0: Ground out 4-3 (Groundball, 34, EV 91.3 MPH)
|
|
Batting: RHB Terrell Lowery
|
0-0: Ball 1-0: Called Strike 1-1: Ball 2-1: Foul Ball, location: 2F 2-2: Strikes out swinging
|
|
Batting: RHB Damon Mashore
|
0-0: Ball 1-0: Called Strike 1-1: Ball 2-1: Foul Ball, location: 2F 2-2: Strikes out looking
|
| Top of the 8th over - 0 runs, 0 hits, 0 errors, 0 left on base; Rochester 2 - Buffalo 12 |
| BOTTOM OF THE 8TH |
|
Buffalo Bisons batting - Pitching for Rochester Red Wings : LHP Brad Pennington
|
|
Batting: RHB Kevin Young
|
0-0: Ball 1-0: Called Strike 1-1: Swinging Strike 1-2: Fly out, F8 (Line Drive, 8LD, EV 89.4 MPH)
|
|
Batting: RHB Eddie Zambrano
|
0-0: Ball 1-0: Ball 2-0: Called Strike 2-1: Ball 3-1: Foul Ball, location: 2F 3-2: Strikes out swinging
|
|
Batting: RHB Manny Martinez
|
0-0: Called Strike 0-1: Fly out, F7 (Flyball, 7D, EV 86.9 MPH)
|
| Bottom of the 8th over - 0 runs, 0 hits, 0 errors, 0 left on base; Rochester 2 - Buffalo 12 |
| TOP OF THE 9TH |
|
Rochester Red Wings batting - Pitching for Buffalo Bisons : RHP Bob W. Malloy
|
|
Batting: RHB Rich Aurilia
|
0-0: Ball 1-0: Called Strike 1-1: Called Strike 1-2: Ball 2-2: DOUBLE (Line Drive, 7LS, EV 98.1 MPH)
|
|
Batting: LHB Tom Lampkin
|
0-0: Ball 1-0: Ball 2-0: Ball 3-0: Base on Balls
|
|
Batting: RHB Darren Reed
|
0-0: SINGLE (Groundball, 56D, EV 103.8 MPH) Rich Aurilia to third Tom Lampkin to second
|
|
Batting: LHB Kevin Koslofski
|
0-0: Called Strike 0-1: Grounds into fielders choice 1-2 (Groundball, 13, EV 93.1 MPH) Tom Lampkin to third Darren Reed to second
|
|
Batting: RHB Tim Unroe
|
0-0: Ball 1-0: Ball 2-0: Called Strike 2-1: Ball 3-1: Foul Ball, location: 2F 3-2: Foul Ball, location: 2F 3-2: Foul Ball, location: 2F 3-2: SINGLE (Flyball, 89M, EV 95.6 MPH) Tom Lampkin scores Darren Reed to third Kevin Koslofski to second
|
|
Batting: RHB Rex Hudler
|
0-0: Ball 1-0: Ball 2-0: Fly out, F7 (Line Drive, 7, EV 92.5 MPH)
|
|
Batting: RHB Scott Sheldon
|
0-0: Ball 1-0: Foul Ball, location: 2F 1-1: Ball 2-1: SINGLE (Groundball, 25, EV 71.9 MPH) (infield hit) Darren Reed scores Kevin Koslofski to third Tim Unroe to second
|
|
Batting: RHB Terrell Lowery
|
0-0: Called Strike 0-1: Swinging Strike 0-2: Strikes out swinging
|
| Top of the 9th over - 2 runs, 4 hits, 0 errors, 3 left on base; Rochester 4 - Buffalo 12 |
|